 Dungeon Crawl Stone Soup version 0.22-a0-612-gd2f0174 (webtiles) character file.

281 Supahsalami the Distorting Demonspawn (level 6, -2/48 HPs)
             Began as a Demonspawn Abyssal Knight on July 11, 2018.
             Was a Believer of Lugonu.
             Slain by an ogre
             ... wielding a +0 giant spiked club
              (16 damage)
             ... on level 4 of the Dungeon.
             The game lasted 00:18:35 (4988 turns).

Supahsalami the Distorting Demonspawn (DsAK)        Turns: 4988, Time: 00:18:36

Health: -2/48      AC:  6    Str: 17    XL:     6   Next: 6%
Magic:  9/9        EV: 11    Int: 14    God:    Lugonu [**....]
Gold:   181        SH:  0    Dex: 12    Spells: 5/5 levels left

rFire    . . .     SeeInvis .   a - +1 war axe
rCold    + . .     Gourm    .   (no shield)
rNeg     . . .     Faith    .   j - +0 leather armour
rPois    +         Spirit   .   (no helmet)
rElec    .         Reflect  .   (no cloak)
rCorr    .         Harm     .   h - +0 pair of gloves
MR       .....                  (no boots)
Stlth    +.........             (no amulet)
HPRegen  0.16/turn              w - +3 ring of strength
MPRegen  0.11/turn              u - ring of poison resistance

@: no status effects
A: icy blue scales 1, cold resistance 1
a: Depart the Abyss, Bend Space, Renounce Religion


You were on level 4 of the Dungeon.
You worshipped Lugonu.
Lugonu was pleased with you.
You were very hungry.

You visited 1 branch of the dungeon, and saw 4 of its levels.
You visited the Abyss 1 time.

You collected 181 gold pieces.

Inventory:

Hand Weapons
 a - a +1 war axe (weapon)
 b - a +0 hunting sling
 y - a +0 broad axe
Missiles
 l - 188 stones
 t - a throwing net (quivered)
 v - a tomahawk
Armour
 h - a +0 pair of gloves (worn)
 j - a +0 leather armour (worn)
Jewellery
 s - an uncursed ring of see invisible
 u - a ring of poison resistance (right hand)
 w - a +3 ring of strength (left hand)
 z - an uncursed ring of resist corrosion
Scrolls
 e - a scroll of amnesia
 f - 3 scrolls of fear
 i - a scroll of remove curse
 n - a scroll of enchant weapon
Potions
 d - 2 potions of heal wounds {unknown}
 k - a potion of flight
 m - a potion of degeneration {unknown}
 o - a potion of curing
 p - 3 potions of agility {unknown}
 q - a potion of cancellation {unknown}
Comestibles
 c - 6 rations


   Skills:
 + Level 4.0 Fighting
 * Level 3.9 Axes
 + Level 3.0 Armour
 - Level 0.8 Dodging
 + Level 4.1 Invocations


You had 5 spell levels left.
You didn't know any spells.
Your spell library was empty.

Dungeon Overview and Level Annotations

Branches:
Dungeon (4/15)
 Temple: D:4-7

Altars:
Fedhas


Innate Abilities, Weirdness & Mutations

You are partially covered in icy blue scales. (AC +2)
Your flesh is cold resistant. (rC+)


Message History

You slash the ogre!
The ogre is heavily wounded.
The ogre completely misses you. The ogre barely misses you.
You hit the ogre.
The ogre is heavily wounded.
The ogre hits you with a giant club.
The ogre hits you with a giant spiked club!
You hit the ogre.
The ogre is heavily wounded.
The ogre misses you. The ogre closely misses you.
You hit the ogre.
The ogre is severely wounded.
The ogre hits you with a giant club!
* * * LOW HITPOINT WARNING * * *
The ogre barely misses you.
You are feeling very hungry.
There is a stone staircase leading up here.
The ogre closely misses you.
The ogre hits you with a giant spiked club!
You die...

.##.####.##...## ..##..$##...####
.#######.##...##...##...##...##..
.......'.......#....#........#...
.......#.......#....#........#...
.......#.......#....+...^....#...
.##...##########...##...###..###.
.##...###...####...##...###..###.
..#....#...........#.............
..'....+........@..#.............
..#....#........OO.#.............
.##....##...##.....#########..##.
.##....### #.....###...###..##.
.#....... #.......#.....'....>
.##...... #.......#.....#.....
.##.....) #.......'.....#..O..
.#.. ######..##..###...###....
.##'#####...##..##..###...###....


You could see 2 ogres.

Vanquished Creatures
  A hound (D:4)
  Jessica (D:2)
  An iguana (D:3)
  3 worker ants
  3 adders
  An ooze (D:3)
  An adder skeleton (D:4)
  A worm (D:2)
  3 leopard geckos
  12 orcs (D:3)
  4 giant cockroaches
  10 goblins
  7 hobgoblins
  3 jackals
  5 kobolds
  3 quokkas
  A ball python (D:1)
  8 bats
  4 frilled lizards
  8 rats
80 creatures vanquished.

Notes
Turn   | Place    | Note
-------+----------+-------------------------------------------
     0 | Abyss:1  | Supahsalami the Demonspawn Abyssal Knight began the quest for the Orb.
     0 | Abyss:1  | Reached XP level 1. HP: 18/18 MP: 2/2
    70 | Abyss:2  | Noticed a wretched star
    76 | Abyss:2  | Noticed a neqoxec
   112 | Abyss:2  | Noticed a raiju
   112 | Abyss:2  | Noticed a raiju
   112 | Abyss:2  | Noticed a raiju
   114 | D:1      | Escaped the Abyss
   630 | D:1      | Gained mutation: Your flesh is cold resistant. (rC+) [demonic ancestry]
   630 | D:1      | Reached XP level 2. HP: 15/24 MP: 4/4
  1528 | D:2      | Noticed Jessica
  1533 | D:2      | Killed Jessica
  1533 | D:2      | Reached XP level 3. HP: 25/29 MP: 5/5
  1534 | D:2      | Reached * piety under Lugonu
  1781 | D:2      | Reached XP level 4. HP: 27/35 MP: 6/6
  2110 | D:2      | Found a blossoming altar of Fedhas.
  2895 | D:3      | Reached ** piety under Lugonu
  2895 | D:3      | Reached XP level 5. HP: 42/42 MP: 7/7
  4260 | D:4      | Noticed an ogre
  4510 | D:4      | Gained mutation: You are partially covered in icy blue scales. (AC +2) [demonic ancestry]
  4510 | D:4      | Reached XP level 6. HP: 33/48 MP: 9/9
  4988 | D:4      | Slain by an ogre

Vault maps used:
D:1:      mrwooster_arrival_arrow
D:2:      nicolae_overflow_hidden_temple, uniq_jessica
D:3:      first_ration, kennysheep_potato
Abyss:1:  minivault_4

Skill      XL: |  1  2  3  4  5 |
---------------+----------------+-----
Axes           | 2 3 |  3.9
Armour         | 2 3 |  3.0
Invocations    | 3 4 |  4.1
Fighting       | 4 |  4.0
Dodging        | |  0.8

Action                   |  1- 3 |  4- 6 || total
-------------------------+-------+-------++-------
Melee: War axe           |    77 |   165 ||   242
 Fire: Hunting sling     |     7 |       ||     7
Throw: Stone             |       |     5 ||     5
       Throwing net      |       |     1 ||     1
       Tomahawk          |       |     1 ||     1
Invok: Depart the Abyss  |     1 |       ||     1
  Use: Scroll            |       |     5 ||     5
       Potion            |       |     2 ||     2
 Stab: Sleeping          |       |     1 ||     1
  Eat: Chunk             |     3 |     9 ||    12
Armor: Leather armour    |    30 |    55 ||    85
Dodge: Dodged            |    72 |   128 ||   200

Table legend:
 A = Spawn XP
 B = Non-spawn XP
 C = Spawn XP percentage of total XP
 D = Spawn monster count
 E = Non-spawn monster count
 F = Spawn count percentage of total count
 G = Total turns spent on level
                    A         B        C        D         E        F      G
               +---------+---------+-------+---------+---------+-------+---------
         Total |       0 |     402 |   0.0 |       0 |      80 |   0.0 |  4988
               +---------+---------+-------+---------+---------+-------+---------
           D:1 |       0 |      28 |   0.0 |       0 |      16 |   0.0 |  1410
           D:2 |       0 |     122 |   0.0 |       0 |      25 |   0.0 |   850
           D:3 |       0 |     133 |   0.0 |       0 |      33 |   0.0 |  2275
           D:4 |       0 |     119 |   0.0 |       0 |       6 |   0.0 |   339
               +---------+---------+-------+---------+---------+-------+---------
